 Dungeon Crawl Stone Soup version 0.24.1-14-gf8d2b509d9 (webtiles) character file.

Game seed: 3239727774895392070, levelgen mode: deterministic

44 Descartes the Insei (level 3, 0/18 HPs)
             Began as a Vine Stalker Transmuter on May 17, 2020.
             Succumbed to an adder's poison
             ... on level 1 of the Dungeon.
             The game lasted 00:02:18 (1050 turns).

Descartes the Insei (Vine Stalker Transmuter)       Turns: 1050, Time: 00:02:19

Health: 0/18       AC:  3    Str: 12    XL:     3   Next: 62%
Magic:  3/7        EV: 12    Int: 14    God:
Gold:   74         SH:  0    Dex: 14    Spells: 6/7 levels left

rFire    . . .     SeeInvis .   l - +2 whip (elec)
rCold    . . .     Gourm    .   (no shield)
rNeg     . . .     Faith    .   b - +0 robe
rPois    .         Spirit   +   (no helmet)
rElec    .         Reflect  .   (no cloak)
rCorr    .         Harm     .   (no gloves)
MR       .....                  i - +0 pair of boots
Stlth    ++........             (no amulet)
HPRegen  0.06/turn              (no ring)
MPRegen  0.10/turn              (no ring)

@: lethally poisoned (0 -> -7)
A: fangs 2, magic shield, antimagic bite, no potion heal 3, rot immunity
a: no special abilities


You were on level 1 of the Dungeon.
You were not hungry.

You visited 1 branch of the dungeon, and saw 2 of its levels.

You collected 74 gold pieces.

Inventory:

Hand Weapons
 l - a +2 whip of electrocution (weapon)
Missiles
 a - 12 arrows
 c - 35 stones (quivered)
 f - 47 bolts
Armour
 b - a +0 robe (worn)
 i - a +0 pair of boots (worn)
Scrolls
 e - 2 scrolls of identify {unknown}
 g - a scroll of fear {unknown}
 j - a scroll of enchant armour {unknown}
 q - a scroll of enchant weapon {unknown}
Potions
 n - a potion of degeneration {unknown}
 o - a potion of curing {unknown}
 p - a potion of haste
Comestibles
 d - 3 rations
 k - 2 chunks of flesh


   Skills:
 + Level 1.2 Fighting
 + Level 1.8 Dodging
 + Level 1.4 Stealth
 + Level 3.5 Unarmed Combat
 + Level 2.5 Spellcasting
 + Level 2.3 Transmutations


You had 6 spell levels left.
You knew the following spells:

 Your Spells              Type           Power        Failure   Level  Hunger
a - Beastly Appendage     Tmut           #.....       9%          1    #......

Your spell library contained the following spells:

 Spells                   Type           Power        Failure   Level  Hunger
 Sticks to Snakes         Tmut           #.......     13%         2    ###....
 Spider Form              Tmut/Pois      #.........   38%         3    ###....
 Ice Form                 Ice/Tmut       #.......     80%         4    #####..
 Blade Hands              Tmut           #.........   94%         5    ######.


Dungeon Overview and Level Annotations

Branches:
Dungeon (2/15)

Altars:


Innate Abilities, Weirdness & Mutations

You have extremely sharp teeth.
When hurt, damage is shared between your health and your magic reserves.
Your bite disrupts and absorbs the magic of your enemies.
Potions cannot restore your health.
You are immune to rotting.


Message History

* * * LOW HITPOINT WARNING * * *
You feel sick. The adder barely misses you.
You hit the adder. Lightning courses through the adder!
You kill the adder!
* * * LOW HITPOINT WARNING * * *
You feel sick.
* * * LOW HITPOINT WARNING * * *
You feel sick.
* * * LOW HITPOINT WARNING * * *
You feel sick.
It was a potion of haste.
You feel yourself speed up.
It was a potion of flight.
You feel very buoyant.
You fly up into the air.
It was a potion of cancellation.
Your magical effects are unravelling.
You feel magically purged.
You feel yourself slow down.
You float gracefully downwards.
You die...

######### ####### #.......#
#...... ###.#####.# #.####. #...#
#.# #...>#. #.### #.# #####.#.
#.#.### #.# #.###.##
#######.#.@># #.####.....#
#....##.#.#.###.#....######
#.##....รท.#...#.#.#........
#######.##.########.#.#...###.###
........##.# #.#.#....##.#
........##.########.#......##.#
........##..........#....#.##.#
...##+#.###########..)#.......###
...##.#.#### #.#.....###...#


There were no monsters in sight!

Vanquished Creatures
  2 adders (D:1)
  An ooze (D:1)
  A dart slug (D:1)
  A bat (D:1)
  3 goblins (D:1)
  4 hobgoblins (D:1)
  2 frilled lizards (D:1)
  4 kobolds (D:1)
  3 rats
21 creatures vanquished.

Notes
Turn   | Place    | Note
-------+----------+-------------------------------------------
     0 | D:1      | Descartes the Vine Stalker Transmuter began the quest for
                  | the Orb.
     0 | D:1      | Reached XP level 1. HP: 9/9 MP: 4/4
   254 | D:1      | Reached XP level 2. HP: 5/14 MP: 6/6
   694 | D:1      | Reached skill level 1 in Fighting
   890 | D:1      | Reached skill level 1 in Stealth
   948 | D:1      | Reached XP level 3. HP: 14/18 MP: 7/7
  1050 | D:1      | Succumbed to an adder's poison

Levels and vault maps discovered:
D:1:      eino_arrival_water_cross, layout_basic
D:2:      layout_loops_ring, old_standard_altar,
          nicolae_dithmenos_through_a_glass_darkly

Skill      XL: |  1  2 |
---------------+-------+-----
Fighting       | 1 |  1.2
Stealth        | 1 |  1.4
Dodging        | |  1.8
Unarmed Combat | |  3.5
Spellcasting   | |  2.5
Transmutations | |  2.3

Action                   || total
-------------------------++-------
Melee: Unarmed           ||    27
       Bite              ||    11
       Whip              ||    27
  Use: Potion            ||     3
 Stab: Sleeping          ||     4
Armor: Robe              ||     9
Dodge: Dodged            ||    32
